[Event "*** Titled Tuesday Blitz"]
[Site "Chess.com"]
[Date "2020.04.21"]
[Round "5"]
[White "nekotyanof"]
[Black "Embrujada"]
[Result "1-0"]
[WhiteElo "2266"]
[BlackElo "2440"]
[TimeControl "180+1"]
[EndTime "10:54:53 PDT"]
[Termination "nekotyanof won by resignation"]

1. e4 d6 2. d4 Nf6 3. Nc3 g6 4. Bd3 Bg7 5. Be3 O-O 6. f3 Nc6 7. Nge2 e5 8. O-O exd4 9. Nxd4 Ng4 10. fxg4 Nxd4 11. h3 Be6 12. Qd2 Re8 13. Nd5 Bxd5 14. exd5 Qe7 15. Rae1 Qh4 16. c3 Be5 17. cxd4 Bg3 18.
Rc1 f5 19. Bg5 1-0

[Event "*** Titled Tuesday Blitz"]
[Site "Chess.com"]
[Date "2020.04.21"]
[Round "5"]
[White "SamuelGhimpu2003"]
[Black "LiemLe"]
[Result "0-1"]
[WhiteElo "2667"]
[BlackElo "2996"]
[TimeControl "180+1"]
[EndTime "10:54:56 PDT"]
[Termination "LiemLe won by resignation"]

1. Nf3 Nf6 2. b3 g6 3. Bb2 Bg7 4. g3 b6 5. Bg2 Bb7 6. O-O O-O 7. c4 e6 8. d3 c5 9. Nbd2 Nc6 10. Rc1 Rc8 11.
a3 Qe7 12. Qc2 Rfd8 13. Qb1 d5 14. cxd5 exd5 15. e3 Ne8 16. Bxg7 Nxg7 17. d4 cxd4 18. Nxd4 Nxd4 19. exd4 Qxa3 20. h4 a5 21. Nf3 Ba6 22. Rfe1 Rxc1 23. Rxc1 Bd3 24. Qa1 Qxa1 25. Rxa1 Bc2 26. Nd2 Ne6 27. b4 axb4 28. Ra6 Rd6 29. Nf1 b3 30. Ne3 b2 0-1

[Event "*** Titled Tuesday Blitz"]
[Site "Chess.com"]
[Date "2020.04.21"]
[Round "5"]
[White "bazar-wokzal"]
[Black "Rozum_Ivan"]
[Result "1-0"]
[WhiteElo "2539"]
[BlackElo "2710"]
[TimeControl "180+1"]
[EndTime "10:54:59 PDT"]
[Termination "bazar-wokzal won by resignation"]

1. e4 d6 2. f4 Nf6 3. Nc3 g6 4. Nf3 c5 5. e5 dxe5 6. fxe5 Nd5 7. Bc4 Nxc3 8. bxc3 Bg7 9. O-O O-O 10. d4 Nc6 11.
Ng5 e6 12. Be3 cxd4 13. cxd4 Qc7 14. Qg4 b5 15. Bd3 Bb7 16. Qh4 h5 17. g4 Nxe5 18. gxh5 Nxd3 19. hxg6 Rfc8 20. gxf7+ 1-0

[Event "*** Titled Tuesday Blitz"]
[Site "Chess.com"]
[Date "2020.04.21"]
[Round "5"]
[White "beccrajoy"]
[Black "queen_iryna"]
[Result "0-1"]
[WhiteElo "1805"]
[BlackElo "2285"]
[TimeControl "180+1"]
[EndTime "10:54:59 PDT"]
[Termination "queen_iryna won by resignation"]

1. e4 d6 2. d4 Nf6 3. Nc3 g6 4. Be3 a6 5. Qd2 b5 6. Bd3 Bb7 7. f3 Nbd7 8. Nge2 c5 9. dxc5 dxc5 10. b3 Qc7 11. Nf4 e6 12. h4 Bg7 13. h5 Nxh5 14.
Nxh5 gxh5 15. Rxh5 b4 16. Qf2 Bxc3+ 17. Kf1 Bxa1 18. Bxc5 Nxc5 19. Rxc5 Qd6 0-1

[Event "*** Titled Tuesday Blitz"]
[Site "Chess.com"]
[Date "2020.04.21"]
[Round "5"]
[White "Shivagami"]
[Black "HoldenHc"]
[Result "1-0"]
[WhiteElo "2151"]
[BlackElo "2738"]
[TimeControl "180+1"]
[EndTime "10:55:01 PDT"]
[Termination "Shivagami won by resignation"]

1. d4 e6 2. c4 Nf6 3. Nc3 Bb4 4.
f3 d5 5. cxd5 exd5 6. a3 Bxc3+ 7.
bxc3 c5 8. e3 O-O 9. Bd3 b6 10.
Ne2 Ba6 11. O-O Bxd3 12. Qxd3 Re8 13. Ng3 Nc6 14. Bb2 c4 15. Qc2 Rxe3 16. Rae1 Rxe1 17. Rxe1 Qd7 18. Qf5 Qxf5 19. Nxf5 Re8 20. Kf2 Rxe1 21.
Kxe1 Ne8 22. a4 f6 23. Ba3 Kf7 24. Ne3 Ke6 25. Kd2 f5 26. g4 f4 27. Nf5 g6 28.
Nh4 Na5 29. Bf8 Nb3+ 30. Kc2 Kf7 31. Bh6 Kf6 32. Bxf4 a6 33. Be5+ Kf7 34. Ng2 Nf6 35. Ne3 b5 36. axb5 axb5 37. Bxf6 Kxf6 38. Nxd5+ Kg5 39.
Nc7 b4 40. Ne6+ Kf6 41. Nf4 g5 42. Nd5+ Ke6 1-0

[Event "*** Titled Tuesday Blitz"]
[Site "Chess.com"]
[Date "2020.04.21"]
[Round "5"]
[White "GeorgMeier"]
[Black "IMTominho"]
[Result "0-1"]
[WhiteElo "3034"]
[BlackElo "2787"]
[TimeControl "180+1"]
[EndTime "10:55:03 PDT"]
[Termination "IMTominho won by resignation"]

1. Nf3 d5 2. g3 Nf6 3. Bg2 Bf5 4. c4 c6 5. O-O e6 6. cxd5 exd5 7. d3 Be7 8. Qb3 Qb6 9. Qc2 O-O 10. Nc3 h6 11. e4 Bh7 12. Be3 Qa6 13. Ne5 Rd8 14. exd5 cxd5 15. Rfe1 Nc6 16. Nxc6 bxc6 17. Rad1 Bf8 18.
Na4 d4 19. Bc1 Nd5 20. a3 Rac8 21. Re5 Bg6 22. h4 Bd6 23. Ree1 Bh5 24. Rd2 Re8 25. Rf1 Ne3 26. Nc5 Bxc5 27. Qxc5 Nxf1 28. Kxf1 Bg6 29.
Qxd4 Rcd8 30. Qc3 Rxd3 31. Rxd3 Qxd3+ 0-1

[Event "*** Titled Tuesday Blitz"]
[Site "Chess.com"]
[Date "2020.04.21"]
[Round "5"]
[White "Lysiak_Poltorak"]
[Black "Ellaijio_B"]
[Result "0-1"]
[WhiteElo "2344"]
[BlackElo "2676"]
[TimeControl "180+1"]
[EndTime "10:55:03 PDT"]
[Termination "Ellaijio_B won by resignation"]

1. e4 c5 2. Nf3 e6 3. d4 cxd4 4. Nxd4 a6 5. Nc3 b5 6. a4 b4 7. Nce2 Bb7 8. f3 Nc6 9. Be3 Nf6 10. Nxc6 Bxc6 11. Nd4 Bb7 12. Be2 Qc7 13. O-O Bd6 14. g3 h5 15. Bg5 Bxg3 16. f4 Nxe4 17. hxg3 Nxg5 18. Nf3 Ne4 19. Kg2 h4 20. Qd4 Nxg3 21.
Qxg7 O-O-O 22. Kf2 Qxf4 23. Rad1 Ne4+ 24. Ke1 Rhg8 25.
Qd4 Qg3+ 26. Rf2 Qxf2+ 27. Qxf2 Nxf2 28. Kxf2 Bxf3 29. Bxf3 d5 30. Rd4 a5 31. Rxh4 Kd7 32. Rh7 Ke7 33. Bh5 Rdf8 34. Ke3 Rh8 0-1

[Event "*** Titled Tuesday Blitz"]
[Site "Chess.com"]
[Date "2020.04.21"]
[Round "5"]
[White "avocadosheena"]
[Black "Gyapiking"]
[Result "0-1"]
[WhiteElo "2123"]
[BlackElo "2326"]
[TimeControl "180+1"]
[EndTime "10:55:03 PDT"]
[Termination "Gyapiking won on time"]

1. d4 d6 2. c4 e5 3. d5 f5 4. g3 Nf6 5. Bg2 g6 6. Nc3 Bg7 7. e4 O-O 8. Nge2 a5 9. O-O Na6 10.
exf5 gxf5 11. f4 Nc5 12. Be3 Ng4 13. Bxc5 dxc5 14. Qd2 e4 15. h3 Nf6 16. Qe3 Qe7 17. Rad1 Kh8 18. Kh1 Bd7 19. Rg1 Rg8 20. Bf1 Ra6 21.
Nc1 Nh5 22. N1e2 Rh6 23. Kh2 b6 24. Qf2 Nf6 25. Kg2 Be8 26. Qe3 Bh5 27. Rd2 Bf3+ 28. Kf2 Ne8 29. Bg2 Bxg2 30. Kxg2 Nd6 31. Rh1 Nxc4 0-1

[Event "*** Titled Tuesday Blitz"]
[Site "Chess.com"]
[Date "2020.04.21"]
[Round "5"]
[White "almaguerjm"]
[Black "turayev_shahruh17"]
[Result "1-0"]
[WhiteElo "2341"]
[BlackElo "2551"]
[TimeControl "180+1"]
[EndTime "10:55:05 PDT"]
[Termination "almaguerjm won by resignation"]

1. d4 d5 2. Nf3 Nf6 3. Ng1 c5 4. Nf3 Nc6 5. e3 Bg4 6. Be2 e6 7. c3 Qc7 8. a3 Bd6 9. b4 b6 10. Qa4 O-O 11. Nbd2 e5 12. b5 exd4 13. bxc6 dxc3 14. Nb1 a6 15. Nxc3 b5 16. Qd1 Qxc6 17. h3 Bh5 18. O-O c4 19. Nd4 Bxe2 20. Nxc6 Bxd1 21.
Rxd1 Rfc8 22. Nb4 Be5 23. Bb2 Rc5 24. Rab1 Rd8 25. Nxa6 Rc6 26. Nb4 Rc5 27. Ncxd5 Nxd5 28. Bxe5 c3 29. Bxc3 Rxc3 30. Nxd5 Rcc8 31. Ne7+ 1-0

[Event "*** Titled Tuesday Blitz"]
[Site "Chess.com"]
[Date "2020.04.21"]
[Round "5"]
[White "mitraasz"]
[Black "tamarozi99"]
[Result "1-0"]
[WhiteElo "2209"]
[BlackElo "1990"]
[TimeControl "180+1"]
[EndTime "10:55:05 PDT"]
[Termination "mitraasz won by checkmate"]

1. d4 Nf6 2. Nf3 g6 3. Bf4 Bg7 4. e3 d6 5. Be2 Nbd7 6. O-O b6 7. c4 Bb7 8. Nc3 O-O 9. h3 Re8 10. Rc1 a5 11. a3 e5 12. Bh2 h6 13.
b4 Nh7 14. Qb3 Kh8 15. c5 e4 16. Nd2 f5 17. Nb5 a4 18. Qb1 bxc5 19. dxc5 Ne5 20. cxd6 cxd6 21. Nc7 g5 22. Nxe8 Qxe8 23. Rc7 Rb8 24. Nc4 d5 25. Nxe5 Bxe5 26. Bxe5+ Qxe5 27. Rfc1 Nf6 28. Rf7 f4 29. Rcc7 f3 30. gxf3 exf3 31.
Rh7+ Nxh7 32. Qxh7# 1-0

[Event "*** Titled Tuesday Blitz"]
[Site "Chess.com"]
[Date "2020.04.21"]
[Round "5"]
[White "kenta1234"]
[Black "MikaelyanArman"]
[Result "0-1"]
[WhiteElo "2598"]
[BlackElo "2751"]
[TimeControl "180+1"]
[EndTime "10:55:09 PDT"]
[Termination "MikaelyanArman won by resignation"]

1. Nf3 d5 2. d4 Nf6 3. Bf4 c5 4. e3 e6 5. c3 Bd6 6. Bg3 Qc7 7. Nbd2 Nbd7 8. Bd3 e5 9. dxe5 Nxe5 10. Nxe5 Bxe5 11. Bxe5 Qxe5 12. Nf3 Qc7 13. O-O O-O 14. h3 b6 15.
a4 Bb7 16. a5 h6 17. axb6 axb6 18. Qe2 Rfe8 19. Bb5 Bc6 20. Bxc6 Qxc6 21. Qd3 g6 22. b4 Kg7 23. bxc5 bxc5 24. c4 Rad8 25. cxd5 Rxd5 26. Qc3 Kg8 27. Rfd1 Ne4 28. Qc4 Rxd1+ 29. Rxd1 Qf6 30. Rd7 Kg7 31. Qd5 Re6 32. Rc7 g5 33. Ra7 h5 34. Ra2 Nc3 35. Qxc5 Nxa2 0-1

[Event "*** Titled Tuesday Blitz"]
[Site "Chess.com"]
[Date "2020.04.21"]
[Round "5"]
[White "ChrisTool2"]
[Black "Alliswell998"]
[Result "0-1"]
[WhiteElo "2401"]
[BlackElo "2567"]
[TimeControl "180+1"]
[EndTime "10:55:09 PDT"]
[Termination "Alliswell998 won by checkmate"]

1. d4 c5 2. e4 Nf6 3. e5 Nd5 4. c4 Nc7 5. d5 d6 6. exd6 exd6 7. Bd3 Be7 8. Ne2 b5 9. O-O O-O 10. cxb5 Nd7 11. Bf4 a6 12. Nbc3 axb5 13. Nxb5 Nxb5 14. Bxb5 Ba6 15. Bxa6 Rxa6 16. Qd3 Qa8 17. Nc3 Bf6 18. Nb5 Rxa2 19. Rxa2 Qxa2 20. Bxd6 Ra8 21. Qf5 Nb6 22. Nc7 Rd8 23. Bxc5 Nxd5 24. Nxd5 Rxd5 25. Qc8+ Rd8 26. Qb7 Bxb2 27. h3 Bf6 28. Be3 Qe6 29. Rb1 h6 30. Qb6 Qd5 31. Qb7 g5 32. Qxd5 Rxd5 33. Rb6 Be5 34.
Rb7 Rd1# 0-1

[Event "*** Titled Tuesday Blitz"]
[Site "Chess.com"]
[Date "2020.04.21"]
[Round "5"]
[White "MateSchmate"]
[Black "RU_B9"]
[Result "1-0"]
[WhiteElo "2464"]
[BlackElo "1854"]
[TimeControl "180+1"]
[EndTime "10:55:12 PDT"]
[Termination "MateSchmate won on time"]

1. e4 c5 2. Nf3 Nc6 3. d4 cxd4 4. Nxd4 Nf6 5. Nc3 e5 6. Ndb5 d6 7. Bg5 a6 8. Na3 b5 9. Nd5 Be7 10. Bxf6 gxf6 11. c4 f5 12. cxb5 Nd4 13. b6 fxe4 14. Nc7+ Kf8 15. Nxa8 Bb7 16. Nc7 d5 17. Nc2 Nxc2+ 18.
Qxc2 Bb4+ 19. Kd1 Qd6 20. Nxa6 Bxa6 21. Bxa6 Qxb6 22. Be2 Kg7 23. a3 Bc5 24. f3 e3 25.
b4 Bd4 26. Rc1 Re8 27. Bd3 Qh6 28. Qc6 Qg5 29. Rc2 Re6 30. Qxd5 1-0

[Event "*** Titled Tuesday Blitz"]
[Site "Chess.com"]
[Date "2020.04.21"]
[Round "5"]
[White "BasilSmash"]
[Black "Xeniya2005"]
[Result "0-1"]
[WhiteElo "2415"]
[BlackElo "2259"]
[TimeControl "180+1"]
[EndTime "10:55:17 PDT"]
[Termination "Xeniya2005 won by resignation"]

1. d4 Nf6 2. Nf3 d5 3. g3 g6 4. Bg2 Bg7 5. O-O O-O 6. c4 Bf5 7. cxd5 Nxd5 8. Qb3 Nb6 9. Nc3 Nc6 10. e4 Bg4 11. d5 Bxf3 12. dxc6 Bxg2 13. cxb7 Bxf1 14. bxa8=Q Qxa8 15. Kxf1 Rd8 16. Be3 Bxc3 17. Qxc3 Qxe4 18. Rc1 Nd5 19. Qd4 Qf3 20. h4 Rd6 21. Bh6 f6 22.
Qa4 Kf7 23. Qxa7 Qh1+ 24. Ke2 Qe4+ 25. Kf1 Qh1+ 26. Ke2 Re6+ 27. Be3 Qxc1 0-1

[Event "*** Titled Tuesday Blitz"]
[Site "Chess.com"]
[Date "2020.04.21"]
[Round "5"]
[White "PawnEatingZombie"]
[Black "Kosche007"]
[Result "1-0"]
[WhiteElo "2142"]
[BlackElo "2311"]
[TimeControl "180+1"]
[EndTime "10:55:18 PDT"]
[Termination "PawnEatingZombie won by resignation"]

1. d4 Nf6 2. c4 g6 3. Nc3 Bg7 4. e4 d6 5. Be2 O-O 6. Be3 c5 7. d5 e6 8. Nf3 exd5 9. cxd5 Ng4 10. Bg5 Qb6 11. Qd2 h6 12. Bf4 g5 13. Bg3 Nd7 14. h4 gxh4 15. Rxh4 Nde5 16. Nxe5 Nxe5 17. O-O-O Ng6 18. Rxh6 Bxh6 19. Qxh6 Qd8 20. Rh1 Re8 21. f4 Qf6 22. f5 Ne5 23. Qxf6 1-0

[Event "*** Titled Tuesday Blitz"]
[Site "Chess.com"]
[Date "2020.04.21"]
[Round "5"]
[White "Incognito_Knight"]
[Black "RATNAKARAN"]
[Result "1-0"]
[WhiteElo "2731"]
[BlackElo "2578"]
[TimeControl "180+1"]
[EndTime "10:55:23 PDT"]
[Termination "Incognito_Knight won by resignation"]

1. e4 e6 2. d4 d5 3. Nd2 Nf6 4. e5 Nfd7 5. Bd3 c5 6. c3 Nc6 7. Ne2 cxd4 8. cxd4 f6 9. exf6 Nxf6 10. Nf3 Bd6 11. O-O Qc7 12. Bd2 O-O 13. Rc1 Bd7 14. Bc3 Ne4 15. Ng3 Bf4 16. Rc2 Nxc3 17. Rxc3 g6 18. Re1 Qd6 19. a3 a6 20. Qc2 Rf6 21. Qe2 Raf8 22. Bb1 R8f7 23. Qd1 e5 24. Rxc6 Qxc6 25.
dxe5 Bxg3 26. exf6 Bb8 27. Ba2 Be6 28. Ng5 Qd6 29. Rxe6 Qxh2+ 30. Kf1 Rf8 31. Qxd5 1-0

[Event "*** Titled Tuesday Blitz"]
[Site "Chess.com"]
[Date "2020.04.21"]
[Round "5"]
[White "Squirlolz"]
[Black "Shuvatkin_Vladimir"]
[Result "1-0"]
[WhiteElo "2550"]
[BlackElo "2309"]
[TimeControl "180+1"]
[EndTime "10:55:23 PDT"]
[Termination "Squirlolz won by resignation"]

1. d4 Nf6 2. Bf4 c5 3. dxc5 Qa5+ 4. Nd2 Qxc5 5. e4 d6 6. Ngf3 Nc6 7. Be2 g6 8. O-O Bg7 9. Be3 Qa5 10. h3 O-O 11. Re1 Bd7 12. a4 Rac8 13. c3 a6 14.
Bf1 Rfd8 15. Nc4 Qh5 16. Be2 b5 17. Ng5 Qh4 18. g3 Qh6 19. axb5 axb5 20. Nb6 Bxh3 21. Nxf7 1-0

[Event "*** Titled Tuesday Blitz"]
[Site "Chess.com"]
[Date "2020.04.21"]
[Round "5"]
[White "Shoytan"]
[Black "Tapuah"]
[Result "0-1"]
[WhiteElo "2541"]
[BlackElo "2841"]
[TimeControl "180+1"]
[EndTime "10:55:26 PDT"]
[Termination "Tapuah won by resignation"]

1. e4 c5 2. Nf3 e6 3. d4 cxd4 4. Nxd4 a6 5. c4 Nf6 6. Nc3 Bb4 7.
Qd3 O-O 8. Be2 d6 9. O-O Nbd7 10. Bg5 h6 11. Bh4 Ne5 12. Qe3 Bc5 13. Rfd1 Ng6 14. Bxf6 Qxf6 15. Qd2 Nf4 16. Bf1 e5 17. Nb3 Ba7 18.
Nd5 Nxd5 19. cxd5 Qg6 20. Bd3 Bh3 21. g3 f5 22. exf5 Rxf5 23. Bxf5 Qxf5 24. Qe2 Bg4 25. Qd2 Rf8 26. Rf1 Bf3 0-1

[Event "*** Titled Tuesday Blitz"]
[Site "Chess.com"]
[Date "2020.04.21"]
[Round "5"]
[White "thedjoker98"]
[Black "Enriquack"]
[Result "1-0"]
[WhiteElo "2483"]
[BlackElo "2254"]
[TimeControl "180+1"]
[EndTime "10:55:26 PDT"]
[Termination "thedjoker98 won by resignation"]

1. d4 Nf6 2. c4 g6 3. Nc3 d5 4.
e3 Bg7 5. Qb3 dxc4 6. Bxc4 O-O 7. Nf3 Nc6 8. Be2 b6 9. O-O Bb7 10. Rd1 Rc8 11. e4 Na5 12. Qc2 c5 13. dxc5 Qc7 14.
cxb6 axb6 15. Be3 Nxe4 16. Rac1 Nxc3 17. bxc3 Nc4 18. Bd4 e5 19. Bxc4 exd4 20. cxd4 Bxf3 21. gxf3 b5 22. Bb3 Qf4 23. Qxc8 Rxc8 24. Rxc8+ Bf8 25. Rdc1 Kg7 26. R1c7 Qg5+ 27. Kf1 Bd6 28. Rxf7+ Kh6 29. Rh8 Qc1+ 30. Ke2 Bf4 31. Rhxh7+ 1-0

[Event "*** Titled Tuesday Blitz"]
[Site "Chess.com"]
[Date "2020.04.21"]
[Round "5"]
[White "CzechmVIII"]
[Black "XiaoKangZhong"]
[Result "1-0"]
[WhiteElo "2243"]
[BlackElo "2356"]
[TimeControl "180+1"]
[EndTime "10:55:26 PDT"]
[Termination "CzechmVIII won by checkmate"]

1. e4 c6 2. d4 d5 3. e5 c5 4. c4 Nc6 5. Nf3 cxd4 6. Nxd4 Nxe5 7. cxd5 Qxd5 8. Nc3 Qd8 9. Bf4 Nc6 10. Bb5 Bd7 11. O-O Nf6 12. Re1 a6 13. Bxc6 Bxc6 14. Nxc6 bxc6 15.
Qa4 Qc8 16. Rac1 Nd7 17. Ne4 e6 18. Rxc6 Qb7 19. Rec1 Qxb2 20. Rc8+ Rxc8 21. Rxc8+ Ke7 22. Bd6# 1-0

[Event "*** Titled Tuesday Blitz"]
[Site "Chess.com"]
[Date "2020.04.21"]
[Round "5"]
[White "DoHoChess"]
[Black "Adham_Fawzy"]
[Result "1-0"]
[WhiteElo "2556"]
[BlackElo "2774"]
[TimeControl "180+1"]
[EndTime "10:55:27 PDT"]
[Termination "DoHoChess won by resignation"]

1. c4 e5 2. Nc3 Nf6 3. Nf3 Nc6 4. e4 Bb4 5. d3 d6 6. a3 Bxc3+ 7. bxc3 O-O 8. g3 Bg4 9. Bg2 Nd7 10. h3 Bh5 11. O-O Nc5 12. Qc2 a5 13. Nh4 a4 14. Be3 b6 15.
Rae1 Bg6 16. f4 exf4 17. Nxg6 hxg6 18. gxf4 Qd7 19. d4 Nb3 20. f5 Rae8 21. fxg6 fxg6 22. e5 Kh7 23. Rxf8 Rxf8 24. Qe4 Ne7 25. Qh4+ Kg8 26. e6 Qe8 27. Bg5 Nf5 28. Qg4 c6 29. e7 Rf7 30.
Bxc6 Qxc6 31. e8=Q+ Qxe8 32. Rxe8+ Rf8 33. Rxf8+ Kxf8 1-0

[Event "*** Titled Tuesday Blitz"]
[Site "Chess.com"]
[Date "2020.04.21"]
[Round "5"]
[White "Unknown_IM"]
[Black "dalmatinac101"]
[Result "0-1"]
[WhiteElo "2610"]
[BlackElo "2807"]
[TimeControl "180+1"]
[EndTime "10:55:29 PDT"]
[Termination "dalmatinac101 won by resignation"]

1. e4 c5 2. Nf3 Nc6 3. d4 cxd4 4.
Nxd4 Nf6 5. Nc3 d6 6. Be2 e5 7. Nb3 Be7 8. a4 O-O 9. f3 Be6 10. O-O d5 11. exd5 Nxd5 12. Ne4 f5 13. Nf2 a5 14. c3 Qb6 15. Bb5 Rad8 16. Qe2 Nc7 17. Be3 Nd4 18. cxd4 f4 19. Bd2 Bxb3 20. dxe5 Nxb5 21.
axb5 a4 22. Bc3 Rd5 23. Kh1 Qxb5 24. Qe4 Qc4 25. Qxc4 Bxc4 26. Rfd1 b5 27. Ne4 Rfd8 28. Rxd5 Rxd5 29. Nd2 Bd3 30. b3 b4 0-1

[Event "*** Titled Tuesday Blitz"]
[Site "Chess.com"]
[Date "2020.04.21"]
[Round "5"]
[White "Hangar-18"]
[Black "Egorov_Pavel"]
[Result "1-0"]
[WhiteElo "2252"]
[BlackElo "2359"]
[TimeControl "180+1"]
[EndTime "10:55:31 PDT"]
[Termination "Hangar-18 won by resignation"]

1. d4 Nf6 2. c4 g6 3. g3 d5 4. Bg2 Bg7 5. Nf3 O-O 6. cxd5 Nxd5 7. O-O Nc6 8. Nc3 Nb6 9. e3 Re8 10. Nh4 e5 11. d5 Nb4 12. e4 c6 13. Qb3 Na6 14.
Be3 Bd7 15. Rfd1 Qc7 16. Rac1 c5 17. Nb5 Bxb5 18. Qxb5 Bf8 19. b4 Rac8 20. Bh3 Qd6 21. bxc5 Qb8 22. cxb6 Rxc1 23. Rxc1 axb6 24. Bxb6 Be7 25.
Nf3 Qd6 26. Qxe8+ 1-0

[Event "*** Titled Tuesday Blitz"]
[Site "Chess.com"]
[Date "2020.04.21"]
[Round "5"]
[White "KikaLaurincova"]
[Black "politeplayer"]
[Result "0-1"]
[WhiteElo "1972"]
[BlackElo "2167"]
[TimeControl "180+1"]
[EndTime "10:55:32 PDT"]
[Termination "politeplayer won on time"]

1. e4 c5 2. Nf3 e6 3. d4 cxd4 4. Nxd4 Nc6 5. Nc3 Qc7 6. Be3 a6 7. Nxc6 bxc6 8. Na4 Rb8 9. Bc4 Qa5+ 10. c3 d5 11. exd5 cxd5 12. Bb3 Nf6 13. Qd4 Bd6 14. O-O O-O 15. Rfe1 Bd7 16. Bg5 Ne4 17. Be3 Qc7 18. h3 Bh2+ 19. Kh1 Be5 20. Qd3 Bxa4 21. Bxa4 Rxb2 22. Qxa6 Nxf2+ 23. Bxf2 Rxf2 24. Rab1 Qxc3 25. Rbc1 Qg3 0-1

[Event "*** Titled Tuesday Blitz"]
[Site "Chess.com"]
[Date "2020.04.21"]
[Round "5"]
[White "Qingdom"]
[Black "ahappypawn"]
[Result "0-1"]
[WhiteElo "2200"]
[BlackElo "2361"]
[TimeControl "180+1"]
[EndTime "10:55:33 PDT"]
[Termination "ahappypawn won by resignation"]

1. d4 d5 2. c4 e6 3. Nc3 Nf6 4. Bg5 Be7 5. e3 O-O 6. cxd5 exd5 7. Bd3 h6 8. Bxf6 Bxf6 9. Nge2 b6 10. b4 Bb7 11. O-O Nd7 12. Qb3 c6 13. b5 Nb8 14.
bxc6 Bxc6 15. Nf4 Qd6 16. Ncxd5 Nd7 17. Nxf6+ Nxf6 18. Rac1 Rac8 19. Ba6 Rc7 20. Rc3 g5 21. Ng6 Bd5 22. Nxf8 Bxb3 23. Rxc7 Qxc7 24. axb3 Kxf8 25. Bc4 Ne4 26. Rd1 Nc3 27. Ra1 b5 28. Bf1 a5 29.
g3 a4 30. bxa4 bxa4 31. Ra3 Qa5 32. Bd3 Qb4 33. Ra1 a3 34. Kg2 Qb2 35. Re1 a2 0-1

[Event "*** Titled Tuesday Blitz"]
[Site "Chess.com"]
[Date "2020.04.21"]
[Round "5"]
[White "KingChess345"]
[Black "MichailovM"]
[Result "1-0"]
[WhiteElo "2097"]
[BlackElo "2288"]
[TimeControl "180+1"]
[EndTime "10:55:33 PDT"]
[Termination "KingChess345 won by resignation"]

1. d4 Nf6 2. Nf3 g6 3. g3 Bg7 4. Bg2 O-O 5. O-O d6 6. c4 Nc6 7. Nc3 a6 8. b3 Rb8 9. Bb2 b5 10. cxb5 axb5 11. d5 Na5 12. Rc1 b4 13. Nb1 Bb7 14.
e4 c5 15. Re1 Nd7 16. Bxg7 Kxg7 17. Nbd2 Ba6 18. Qc2 Qc7 19. Qb2+ Kg8 20. e5 dxe5 21. Nxe5 Nxe5 22. Qxe5 Qd6 23. Qxe7 Nb7 24. Qxd6 Nxd6 25. Rxc5 Bb7 26. Nc4 Rfd8 27. Nxd6 Rxd6 28. Rb5 Rd7 29. Rxb4 Rbd8 30. Rd1 1-0

[Event "*** Titled Tuesday Blitz"]
[Site "Chess.com"]
[Date "2020.04.21"]
[Round "5"]
[White "Roenko_Artur"]
[Black "jfriedel"]
[Result "0-1"]
[WhiteElo "2276"]
[BlackElo "2583"]
[TimeControl "180+1"]
[EndTime "10:55:34 PDT"]
[Termination "jfriedel won by resignation"]

1. e4 e5 2. Nf3 Nc6 3. d4 exd4 4. Nxd4 Nf6 5. Nxc6 bxc6 6. e5 Qe7 7. Qe2 Nd5 8.
c4 Nb6 9. g3 Qe6 10. b3 a5 11.
a4 Bb4+ 12. Bd2 O-O 13. Bxb4 axb4 14. Bg2 Re8 15. f4 d5 16. O-O dxc4 17. bxc4 Ba6 18. Nd2 Nxc4 19. Rfe1 Rad8 20. Ne4 Qe7 21. Qf2 b3 22. Nc5 Rd2 23. Qf3 Qxc5+ 0-1

[Event "*** Titled Tuesday Blitz"]
[Site "Chess.com"]
[Date "2020.04.21"]
[Round "5"]
[White "GelmanAlexander"]
[Black "energie73"]
[Result "1-0"]
[WhiteElo "2486"]
[BlackElo "2245"]
[TimeControl "180+1"]
[EndTime "10:55:34 PDT"]
[Termination "GelmanAlexander won by resignation"]

1. c4 e6 2. Nf3 d5 3. d3 dxc4 4. Qa4+ Bd7 5. Qxc4 Bc6 6. Nbd2 Nf6 7. b3 g6 8. Bb2 Bg7 9. Rc1 O-O 10. e3 Nbd7 11. Be2 Nb6 12. Qc2 Nfd5 13. a3 Bxb2 14. Qxb2 Qf6 15. d4 Rfc8 16. h4 h6 17. g4 Qg7 18. g5 h5 19. Rg1 Be8 20. Ne4 Nd7 21. Bc4 N5b6 22. Bd3 Nd5 23. Ne5 Nxe5 24. dxe5 a6 25. Nf6+ Kh8 26. Qe2 Nxf6 27. gxf6 Qf8 28. Rg5 Qh6 29. f4 Bb5 30. Bxb5 axb5 31. Qxb5 Qf8 32.
a4 Qa3 33. Rd1 Rd8 34. Qe2 Qxb3 35. Rxh5+ Kg8 36. Rg5 Rxd1+ 37. Qxd1 Qxe3+ 38. Qe2 Qxf4 39. Rg4 Qh2 40. Qxh2 Rxa4 41. Rxa4 1-0

[Event "*** Titled Tuesday Blitz"]
[Site "Chess.com"]
[Date "2020.04.21"]
[Round "5"]
[White "Atanejhad"]
[Black "lifeissofun"]
[Result "0-1"]
[WhiteElo "2505"]
[BlackElo "2280"]
[TimeControl "180+1"]
[EndTime "10:55:36 PDT"]
[Termination "lifeissofun won on time"]

1. e4 c5 2. Nf3 d6 3. d4 cxd4 4.
Nxd4 Nf6 5. Nc3 a6 6. Be3 e5 7. Nb3 Be6 8. Qd2 h5 9. O-O-O Nbd7 10. f3 g6 11. h3 Bg7 12. Bd3 O-O 13. Kb1 b5 14. g4 h4 15. Bg5 b4 16. Nd5 Bxd5 17.
exd5 Qb6 18. Bxh4 a5 19. Bf2 Qb7 20. h4 a4 21. Nc1 Nxd5 22. Be4 Nc3+ 23. Qxc3 bxc3 24.
Bxb7 Rab8 25. Bc6 Rxb2+ 26. Ka1 Rfb8 27. Nd3 Rxc2 28. Bxd7 e4 29. Rb1 Rxb1+ 30. Kxb1 exd3 31. Be3 Rb2+ 32. Kc1 Rxa2 33. Kb1 Rb2+ 34. Kc1 d2+ 35. Kd1 Rb1+ 0-1

[Event "*** Titled Tuesday Blitz"]
[Site "Chess.com"]
[Date "2020.04.21"]
[Round "5"]
[White "BilodeauA"]
[Black "Stewie_89"]
[Result "1-0"]
[WhiteElo "2860"]
[BlackElo "2638"]
[TimeControl "180+1"]
[EndTime "10:55:37 PDT"]
[Termination "BilodeauA won by resignation"]

1. e4 c6 2. Nf3 d5 3. d3 Bg4 4.
h3 Bxf3 5. Qxf3 e6 6. Nd2 Nd7 7. g3 Ngf6 8. Bg2 Be7 9. O-O O-O 10. b3 Ne8 11. Bb2 Bf6 12. d4 a5 13. a4 dxe4 14.
Nxe4 Be7 15. Rad1 Qc7 16. c4 Nef6 17. Rfe1 Nxe4 18. Rxe4 Bf6 19. Bc1 Rad8 20. h4 e5 21. d5 Nc5 22. Re2 cxd5 23. cxd5 Rd6 24. Bg5 Bxg5 25. hxg5 f6 26. Qc3 b6 27. gxf6 gxf6 28. Bh3 Kh8 29. Bf5 Qg7 30. Kg2 Qg5 31. Qf3 Rf7 32. Rh1 Nxb3 33. Rh5 Nd4 34. Rxg5 Nxf3 35. Kxf3 fxg5 36. Ke4 Re7 37. Rc2 Kg7 38. Rc6 Rxc6 39. dxc6 Kf6 40. g4 h5 41. gxh5 Rc7 42. Bd7 g4 43. h6 Kg6 44. Kxe5 Kxh6 45. Kd6 Ra7 1-0

[Event "*** Titled Tuesday Blitz"]
[Site "Chess.com"]
[Date "2020.04.21"]
[Round "5"]
[White "marcodobrikov"]
[Black "MattyDPerrine"]
[Result "1-0"]
[WhiteElo "2507"]
[BlackElo "2327"]
[TimeControl "180+1"]
[EndTime "10:55:39 PDT"]
[Termination "marcodobrikov won by resignation"]

1. e4 c5 2. Nf3 a6 3. c4 Nc6 4. d4 cxd4 5. Nxd4 e5 6. Nxc6 bxc6 7. Nc3 Nf6 8. Be2 Bb4 9. Qd3 d5 10. exd5 cxd5 11. O-O d4 12. Ne4 O-O 13. Bg5 Be7 14. Bxf6 Bxf6 15. b4 Be7 16. c5 Be6 17. Nd2 f5 18.
Bf3 e4 19. Nxe4 fxe4 20. Qxe4 Rxf3 21. Qxf3 Bd5 22. Qd3 Bf6 23. a4 Qc7 24. b5 Qxc5 25. bxa6 Qc6 26. Rfc1 Qxa6 27. Qf5 Qe6 28. Qd3 Be4 29.
Qb5 Qg4 30. f3 Bxf3 31. Qb3+ Kh8 32. Qxf3 1-0